 Dungeon Crawl Stone Soup version 0.32-a0-996-gb3226c233f (webtiles) character file.

Game seed: 9208517158217668670

39 Griffin23 the Shield-Bearer (level 3, -1/33 HPs)
             Began as a Minotaur Fighter on Apr 23, 2024.
             Was a Follower of Makhleb.
             Slain by Grinder (5 damage)
             ... while paralysed by Grinder
             ... on level 4 of the Dungeon.
             The game lasted 00:02:43 (1978 turns).

Griffin23 the Shield-Bearer (Minotaur Fighter)      Turns: 1978, Time: 00:02:44

Health: -1/33      AC:  9    Str: 22    XL:     3   Next: 28%
Magic:  0/2        EV:  2    Int:  5    God:    Makhleb [*.....]
Gold:   147        SH:  0    Dex:  9    Spells: 2/2 levels left

rFire   . . .        m - +0 scimitar
rCold   + . .        c - +0 buckler
rNeg    . . .        n - +0 chain mail
rPois   .            (helmet restricted)
rElec   .            (no cloak)
rCorr   .            (no gloves)
SInv    .            (no boots)
Will    .....        i - amulet of guardian spirit Stlth
                     h - ring of protection from cold
HPRegen 0.25/turn    l - ring of flight
MPRegen 0.08/turn

%: guardian spirit
@: paralysed, mighty, attractive, flying
A: horns 2, retaliatory headbutt
a: Renounce Religion


You were on level 4 of the Dungeon.
You worshipped Makhleb.
Makhleb was aware of your devotion.
You visited 1 branch of the dungeon, and saw 4 of its levels.

You collected 147 gold pieces.

Inventory:

Hand Weapons
 m - a +0 scimitar (weapon)
Armour
 c - a +0 buckler (worn)
 n - a +0 chain mail (worn)
Jewellery
 h - a ring of protection from cold (left hand)
 i - an amulet of guardian spirit (around neck)
 l - a ring of flight (right hand)
Scrolls
 e - 3 scrolls of brand weapon
 g - 4 scrolls of teleportation {unknown}
 j - 2 scrolls of identify
 k - 2 scrolls of poison {unknown}
 p - a scroll of enchant armour {unknown}
 q - a scroll of noise {unknown}
 r - a scroll of fear {unknown}
Potions
 a - a potion of degeneration {unknown}
 b - a potion of enlightenment {unknown}
 d - 2 potions of might
 f - a potion of attraction
 o - a potion of curing {unknown}


   Skills:
 + Level 4.0 Fighting
 * Level 3.3 Long Blades
 + Level 4.0 Armour
 + Level 4.0 Shields


You had 2 spell levels left.
You didn't know any spells.
Your spell library contained the following spells:

 Spells                   Type           Power      Damage    Failure   Level
 Freeze                   Ice            0%         1d3       99%         1
 Frozen Ramparts          Ice            0%         1d1       100%        3
 Hailstorm                Conj/Ice       0%         3d5       100%        3


Dungeon Overview and Level Annotations

Branches:
Dungeon (4/15)
 Temple: D:4-7

Altars:
Makhleb

Shops:
D:1 *

Annotations:
D:4 Grinder


Innate Abilities, Weirdness & Mutations

You have a pair of horns on your head.
You reflexively headbutt those who attack you in melee.


Message History

Grinder gestures at you. Pain shoots through your body!
You barely miss Grinder.
Grinder is lightly wounded.
Grinder hits you but does no damage.
Unknown command.
You slash Grinder! Your headbutt misses Grinder.
Grinder is moderately wounded.
Grinder gestures at you. Pain shoots through your body!
You are too injured to fight recklessly!
Unknown command.
Unknown command.
You feel very mighty all of a sudden.
Grinder blinks!
Grinder gestures at you. Pain shoots through your body!
* * * LOW HITPOINT WARNING * * *
Unknown command.
It was a potion of attraction.
You feel attractive to monsters.
You closely miss Grinder.
Grinder is moderately wounded.
Grinder gestures at you. Pain shoots through your body!
* * * LOW HITPOINT WARNING * * *
Grinder barely misses you.
Okay, then.
As you read the scroll labelled ROUGIY LUAFF, it crumbles to dust.
It is a scroll of identify.
e - 3 scrolls of brand weapon Grinder closely misses you.
You hit Grinder.
Grinder is moderately wounded.
Grinder gestures at you.
You suddenly lose the ability to move!
Grinder blinks!
Grinder is attracted toward you. Grinder hits you.
You die...
Grinder says, "Now the real fun starts!"

### #.. #.# .
#.# ##.#
########.##...
#..ยง......#.#
#.5@.....##.#
#.###.......#
# #......... #
#.##.#####
#.##.##.#
#####)......#
.....###.####
.........#
.......<.#


You could see Grinder.

Vanquished Creatures
  An adder (D:2)
  A dart slug (D:1)
  A ribbon worm (D:2)
  2 ball pythons
  3 bats
  2 endoplasms
  A giant cockroach (D:2)
  3 goblins (D:1)
  2 jackals (D:2)
  A quokka (D:2)
  A frilled lizard (D:2)
  5 kobolds
  3 rats
26 creatures vanquished.

Notes
Turn   | Place    | Note
-------+----------+-------------------------------------------
     0 | D:1      | Griffin23 the Minotaur Fighter began the quest for the Orb.
     0 | D:1      | Reached XP level 1. HP: 19/19 MP: 0/0
   314 | D:1      | Reached XP level 2. HP: 27/27 MP: 1/1
   362 | D:1      | Found Husex's Assorted Antiques.
  1102 | D:2      | Reached XP level 3. HP: 31/33 MP: 2/2
  1604 | D:3      | Found a faded altar of an unknown god.
  1786 | D:3      | Prayed at the altar of an unknown god.
  1786 | D:3      | Became a worshipper of Makhleb the Destroyer
  1786 | D:3      | Reached * piety under Makhleb
  1964 | D:4      | Noticed Grinder
  1964 | D:4      | Paralysed by Grinder for 4 turns
  1976 | D:4      | Paralysed by Grinder for 4 turns
  1978 | D:4      | Slain by Grinder

Illustrated notes

Levels and vault maps discovered:
D:1:      onia_arrival_mini_spirals, layout_basic, serial_shops, shop_fountains
D:2:      layout_loops_ring
D:3:      layout_loops_cross, ebering_ecumenical_altar_webs,
          kennysheep_another_room, chequers_decorated_corner
D:4:      layout_loops_cross, tgw_sif, minmay_temple_entry_tees,
          nicolae_figureground_sparkle, uniq_grinder, uniq_crazy_yiuf_cottage

Skill      XL: |  1  2 |
---------------+-------+-----
Long Blades    | 3 |  3.3
Shields        | 4 |  4.0
Fighting       | 4 |  4.0
Armour         | 4 |  4.0

Action                     || total
---------------------------++-------
  Melee: Long sword        ||    51
         Headbutt          ||    10
         Scimitar          ||    14
    Use: Potion            ||     2
         Scroll            ||     1
 Armour: Scale mail        ||    32
         Chain mail        ||    13
  Dodge: Dodged            ||    29
  Block: Buckler           ||     9

Table legend: (Time is in decaauts)
 A = Elapsed time spent in this place.
 B = Non-inter-level travel time spent in this place.
 C = Inter-level travel time spent in this place.
 D = Time resting spent in this place.
 E = Time spent auto-exploring this place.
 F = Levels seen in this place.
 G = Mean time per level.
                   A        B        C        D        E       F      G
               +--------+--------+--------+--------+--------+-----+--------+
         Total |   1994 |   1811 |    183 |      0 |   1524 |   4 |  498.5 |
       Dungeon |   1994 |   1811 |    183 |      0 |   1524 |   4 |  498.5 |
               +--------+--------+--------+--------+--------+-----+--------+

Top non-repeatable levels by time:
     D:3: 754 daAuts
     D:2: 653 daAuts
     D:1: 562 daAuts
     D:4: 24 daAuts
